[Event "Team 45 45 League T55"]
[Site "Internet Chess Club"]
[Date "2012.12.23"]
[Round "6"]
[White "Beetlejuice"]
[Black "SugarIslander"]
[Result "1/2-1/2"]
[WhiteElo "1718"]
[BlackElo "1667"]
[Opening "QGD Slav: 4.e3"]
[ECO "D11"]
[Time "14:03:03"]
[TimeControl "2700+45"]

1. d4 d5 2. c4 c6 3. Nf3 Nf6 4. e3 Bg4 5. Qb3 Qb6 6. Nc3 Qxb3 7. axb3 Bxf3 8.
gxf3 e6 9. e4 Bb4 10. e5 Nh5 11. Bh3 g6 12. Bh6 Bf8 13. Be3 Na6 14. cxd5 cxd5
15. Bf1 Nb4 16. Kd2 a6 17. Bb5+ Kd8 18. Rhc1 Rc8 19. Be2 Ng7 20. Na4 Nc6 21. Nc5
Rc7 22. Ra4 Bxc5 23. Rxc5 Nf5 24. Kd3 Kd7 25. b4 b6 26. Rc3 b5 27. Ra1 Nxb4+ 28.
Kd2 Rhc8 29. Bf1 Nxe3 30. fxe3 h5 31. Be2 Rb8 32. Rb3 Nc6 33. Rxa6 b4 34. Ra4
Ra7 {Game drawn by mutual agreement} 1/2-1/2

[Event "Team 45 45 League T55"]
[Site "Internet Chess Club"]
[Date "2012.12.30"]
[Round "6"]
[White "chrisgianno"]
[Black "MontanaSky"]
[Result "1/2-1/2"]
[WhiteElo "1684"]
[BlackElo "1684"]
[Opening "Queen's pawn: Keres defense"]
[ECO "A40"]
[Time "09:08:58"]
[TimeControl "2700+45"]

1. d4 e6 2. c4 b6 3. Nc3 Bb7 4. Nf3 Bb4 5. Bf4 Nf6 6. Qc2 Ne4 7. e3 O-O 8. Bd3
Bxc3+ 9. bxc3 f5 10. O-O d6 11. Rab1 Nd7 12. c5 dxc5 13. Ne5 Nxe5 14. Bxe5 Qe7
15. f3 Ng5 16. a4 a5 17. Bb5 Nf7 18. Bg3 Nd6 19. Bd3 c4 20. Bxd6 Qxd6 21. Bxc4
Kh8 22. Qb3 e5 23. Rbd1 Qf6 24. e4 exd4 25. cxd4 fxe4 26. fxe4 Qg5 27. d5 Rf6
28. Rxf6 Qxf6 29. Rf1 Qd4+ 30. Kh1 Qxe4 31. Rf7 Re8 32. Qg3 Qb1+ 33. Rf1 Qe4 34.
Qxc7 Bxd5 35. Bxd5 Qxd5 36. Qxb6 Qe5 37. Qb5 h6 38. h3 Qxb5 39. axb5 Rb8 40. Rb1
a4 41. b6 a3 42. b7 a2 43. Ra1 Rxb7 44. Rxa2 {Game drawn by mutual agreement}
1/2-1/2

[Event "Team 45 45 League T55"]
[Site "Internet Chess Club"]
[Date "2012.12.25"]
[Round "6"]
[White "TerryMalloy"]
[Black "carokantor"]
[Result "0-1"]
[WhiteElo "1995"]
[BlackElo "2046"]
[Opening "Blackmar-Diemer gambit"]
[ECO "D00"]
[Time "09:06:28"]
[TimeControl "2700+45"]

1. d4 Nf6 2. Nc3 d5 3. e4 Nxe4 4. Nxe4 dxe4 5. Bc4 Bf5 6. g4 Bg6 7. Ne2 Nc6 8.
c3 Na5 9. Bb5+ c6 10. Ba4 e6 11. h4 f5 12. Nf4 Bf7 13. b4 Nc4 14. Bb3 b5 15. a4
Qc7 16. Bxc4 bxc4 17. Ng2 Bd6 18. Ne3 a5 19. bxa5 Qxa5 20. Qc2 Bc7 21. Nxc4 Qd5
22. Ne3 Qd7 23. Ba3 h6 24. Nc4 Qd5 25. Ne3 Qd7 26. Rb1 h5 27. gxf5 exf5 28. Rg1
g6 29. Kd2 Qd8 30. Ng2 Rg8 31. Rb7 Be6 32. Rgb1 g5 33. Qd1 Bf7 34. Ne3 gxh4 35.
Nxf5 Qg5+ 36. Ne3 Qf4 37. Qf1 Rxa4 38. Rxc7 Qxc7 39. Ra1 Qa5 40. Nc2 Bb3 41. Qh3
Qg5+ 42. Ne3 Rxd4+ 43. cxd4 Qa5+ 44. Ke2 Qb5+ 45. Ke1 Rg1+ 46. Nf1 Qa5+ 47. Ke2
Bc4+ 48. Ke3 Qc3+ {White resigns} 0-1

[Event "Team 45 45 League T55"]
[Site "Internet Chess Club"]
[Date "2012.12.22"]
[Round "6"]
[White "Tobiasdelmonte"]
[Black "JeremyWa"]
[Result "1/2-1/2"]
[WhiteElo "1662"]
[BlackElo "1712"]
[Opening "Queen's pawn game"]
[ECO "E10"]
[Time "12:55:28"]
[TimeControl "2700+45"]

1. d4 Nf6 2. c4 e6 3. Nf3 c5 4. g3 cxd4 5. Nxd4 Nc6 6. Bg2 Be7 7. O-O O-O 8. Nc3
Rb8 9. e4 e5 10. Nf5 Bb4 11. Qc2 g6 12. a3 Bc5 13. Na4 Nd4 14. Qd1 d6 15. b4
gxf5 16. bxc5 Nxe4 17. cxd6 Nxd6 18. Bh6 Nxc4 19. Bxf8 Qxf8 20. Re1 Qd6 21. Qc1
Nd2 22. Qc3 Be6 23. Rad1 Ne4 24. Qe3 Bd5 25. Nb2 Rc8 26. Rc1 Rd8 27. Nc4 Qe6 28.
Bxe4 f4 29. Bxd5 fxe3 30. Bxe6 Nf3+ 31. Kg2 Nxe1+ 32. Rxe1 exf2 33. Kxf2 fxe6
34. Rxe5 Kf7 35. Ke3 Rd1 36. h4 Kf6 37. Rc5 Rc1 38. Nd6 Re1+ 39. Kf2 Rb1 40. Rb5
Ra1 41. Nxb7 Rxa3 42. Ra5 Rxa5 43. Nxa5 Kf5 44. Kf3 h5 45. Nc6 a6 46. Ke3 Kg4
47. Kf2 Kf5 48. Kf3 e5 49. Kf2 Ke4 50. Ke2 Kf5 51. Kf2 e4 52. Nd4+ Ke5 53. Ke3
a5 54. Nc6+ Kf5 55. Nd4+ Ke5 56. g4 hxg4 57. h5 g3 58. Nc6+ Kf6 59. Nxa5 Kg5 60.
h6 Kxh6 61. Nc4 Kg5 62. Nd2 g2 63. Nxe4+ {Game drawn by mutual agreement}
1/2-1/2

[Event "Team 45 45 League T55"]
[Site "Internet Chess Club"]
[Date "2012.12.23"]
[Round "6"]
[White "bondguy01"]
[Black "M-Tuzel"]
[Result "1/2-1/2"]
[WhiteElo "1678"]
[BlackElo "1544"]
[Opening "QGD: Chigorin defense, Janowski variation"]
[ECO "D07"]
[Time "15:00:58"]
[TimeControl "2700+45"]

1. d4 d5 2. c4 Nc6 3. Nc3 dxc4 4. Nf3 e5 5. d5 Nb8 6. Nxe5 Nd7 7. Nxc4 Ngf6 8.
e4 Nb6 9. Bg5 Bb4 10. Nxb6 axb6 11. Bd3 h6 12. Bh4 O-O 13. O-O Re8 14. Re1 Bxc3
15. bxc3 Qd6 16. Bg3 Qc5 17. c4 Bd7 18. e5 Ra3 19. Qd2 Nh5 20. Qe3 Nxg3 21. hxg3
Qxe3 22. Rxe3 Kf8 23. Kf1 b5 24. Ke2 bxc4 25. Bxc4 Rxe3+ 26. Kxe3 Rxe5+ 27. Kd4
Re8 28. a4 Ra8 29. a5 Bf5 30. a6 bxa6 31. Rxa6 Rxa6 32. Bxa6 Ke7 33. Kc5 Bd7
{Game drawn by mutual agreement} 1/2-1/2

[Event "Team 45 45 League T55"]
[Site "Internet Chess Club"]
[Date "2012.12.23"]
[Round "6"]
[White "Warpdrive"]
[Black "losscause"]
[Result "1-0"]
[WhiteElo "1731"]
[BlackElo "1560"]
[Opening "Caro-Kann: advance variation"]
[ECO "B12"]
[Time "22:06:31"]
[TimeControl "2700+45"]

1. e4 c6 2. d4 d5 3. e5 c5 4. dxc5 Nc6 5. Bb5 a6 6. Bxc6+ bxc6 7. Be3 Bf5 8. c3
e6 9. Ne2 f6 10. f4 Nh6 11. h3 fxe5 12. fxe5 Nf7 13. Qd4 Be7 14. Nd2 Bg5 15. g4
Bxe3 16. Qxe3 Qh4+ 17. Qg3 Qxg3+ 18. Nxg3 Bg6 19. Nf3 h6 20. O-O a5 21. Rfe1 O-O
22. Nd4 Ng5 23. Kg2 Rf4 24. Rf1 Raf8 25. h4 Be4+ 26. Nxe4 Rxg4+ 27. Ng3 {Black
resigns} 1-0